 Dungeon Crawl Stone Soup version 0.29.1-1-gd02db6906a (webtiles) character file.

Game seed: 1174878268476114258

49 lonewolfV2 the Trooper (level 3, -6/29 HPs)
             Began as a Demonspawn Berserker on Oct 20, 2022.
             Was a Believer of Trog.
             Mangled by a worm (11 damage)
             ... on level 2 of the Dungeon.
             The game lasted 00:01:36 (1251 turns).

lonewolfV2 the Trooper (Demonspawn Berserker)       Turns: 1251, Time: 00:01:37

Health: -6/29      AC:  2    Str: 19    XL:     3   Next: 53%
Magic:  3/3        EV: 12    Int:  8    God:    Trog [**....]
Gold:   28         SH:  5    Dex: 12    Spells: 2/2 levels left

rFire   . . .      SeeInvis .   a - +1 hand axe
rCold   . . .      Faith    .   (no shield)
rNeg    . . .      Spirit   .   b - +0 animal skin
rPois   .          Reflect  +   (no helmet)
rElec   .          Harm     .   (no cloak)
rCorr   .          Rampage  .   (no gloves)
Will    .....                   (no boots)
Stlth   +.........              i - amulet of reflection
HPRegen 0.09/turn               (no ring)
MPRegen 0.08/turn               (no ring)

@: no status effects
A: foul stench 2
a: Renounce Religion, Berserk, Trog's Hand


You were on level 2 of the Dungeon.
You worshipped Trog.
Trog was pleased with you.
You visited 1 branch of the dungeon, and saw 2 of its levels.

You collected 28 gold pieces.

Inventory:

Hand Weapons
 a - a +1 hand axe (weapon)
Armour
 b - a +0 animal skin (worn)
Jewellery
 i - an amulet of reflection (around neck)
Scrolls
 e - a scroll of identify {unknown}
Potions
 c - a potion of invisibility {unknown}
 d - a potion of flight {unknown}
 f - a potion of resistance {unknown}
 g - a potion of curing {unknown}
 h - a potion of brilliance {unknown}


   Skills:
 + Level 3.4 Fighting
 + Level 3.1 Axes
 + Level 2.2 Armour
 + Level 2.4 Dodging


You had 2 spell levels left.
You didn't know any spells.
Your spell library was empty.

Dungeon Overview and Level Annotations

Branches:
Dungeon (2/15)

Altars:


Innate Abilities, Weirdness & Mutations

You sometimes emit foul miasma when damaged in melee.


Message History

The adder is heavily wounded.
You feel sick.
The adder is engulfed in dark miasma.
The adder looks as sick as possible!
You kill the adder!
Trog accepts your kill.
You feel sick.
A worm comes into view.
The goblin hits you with a +0 club.
You see here an adder corpse.
You hit the goblin.
The goblin is moderately wounded.
You feel sick. The goblin hits you with a +0 club.
You emit a cloud of foul miasma!
You are too injured to fight recklessly!
You are too injured to fight recklessly!
You are too injured to fight recklessly!
You are too injured to fight recklessly!
You hit the goblin.
The goblin is severely wounded.
You feel sick.
The goblin is engulfed in dark miasma.
The goblin is poisoned.
You kill the goblin!
Trog accepts your kill.
You feel sick. The worm closely misses you.
Things that are here:
a +0 club; a goblin corpse You hit the worm.
The worm is moderately wounded.
You feel sick. The worm misses you.
You barely miss the worm.
The worm is moderately wounded.
You feel sick.
You are no longer poisoned.
You slash the worm!
The worm is severely wounded.
The worm bites you.
* * * LOW HITPOINT WARNING * * *
You hit the worm.
The worm is severely wounded.
The worm bites you!
You die...

.#.......#..######
...#._.<.#..####
.#.......#.....#
.#..<.#..#..##.#
.##.....##.###.#
..#####....# #.#
#..........###.##
........##.##.#†##
##.....###...###@#
#######
####.#.w....#
#.###...... ###
######


You could see a worm.

Vanquished Creatures
  An adder (D:2)
  A dart slug (D:1)
  3 bats (D:1)
  An endoplasm (D:1)
  6 giant cockroaches
  2 goblins
  3 hobgoblins (D:1)
  6 jackals (D:1)
  A kobold (D:1)
  A quokka (D:1)
  2 ball pythons (D:1)
  5 rats (D:1)
32 creatures vanquished.

Vanquished Creatures (others)
  A rat (D:1)
  22 plants (D:1)
23 creatures vanquished.

Grand Total: 55 creatures vanquished

Notes
Turn   | Place    | Note
-------+----------+-------------------------------------------
     0 | D:1      | lonewolfV2 the Demonspawn Berserker began the quest for the
                  | Orb.
     0 | D:1      | Reached XP level 1. HP: 18/18 MP: 1/1
   230 | D:1      | Gained mutation: You may rarely emit foul miasma when
                  | damaged in melee. [demonic ancestry]
   230 | D:1      | Reached XP level 2. HP: 24/24 MP: 2/2
   521 | D:1      | Gained mutation: You sometimes emit foul miasma when
                  | damaged in melee. [demonic ancestry]
   521 | D:1      | Reached XP level 3. HP: 23/29 MP: 3/3
   524 | D:1      | Reached ** piety under Trog
   991 | D:2      | Found a faded altar of an unknown god.
  1251 | D:2      | Mangled by a worm

Illustrated notes

Levels and vault maps discovered:
D:1:      roderic_crop_circles_arrival_small, layout_rooms,
          hangedman_feature_mirror
D:2:      layout_loops_corners, nicolae_ecumenical_pavilion

Skill      XL: |  1  2 |
---------------+-------+-----
Armour         | 2 |  2.2
Dodging        | 2 |  2.4
Axes           | 3 |  3.1
Fighting       | |  3.4

Action                   || total
-------------------------++-------
Melee: Hand axe          ||    96
       Punch             ||     1
  Use: Scroll            ||     2
 Stab: Sleeping          ||     1
Armor: Animal skin       ||    18
Dodge: Dodged            ||    62
